 Dungeon Crawl Stone Soup version 0.21.1-1-g345015f (webtiles) character file.

192 kae the Chopper (level 5, -4/47 HPs)
             Began as a Hill Orc Fighter on June 15, 2018.
             Killed from afar by an orc wizard (10 damage)
             ... with a puff of frost
             ... on level 3 of the Dungeon.
             The game lasted 00:01:05 (1770 turns).

kae the Chopper (Hill Orc Fighter)                  Turns: 1770, Time: 00:01:05

Health: -4/47      AC:  6    Str: 20    XL:     5   Next: 71%
Magic:  5/5        EV:  9    Int:  8    God:
Gold:   111        SH:  0    Dex: 10    Spells: 4/4 levels left

rFire    . . .     SeeInvis .   a - +0 war axe
rCold    . . .     Gourm    .   (no shield)
rNeg     . . .     Faith    .   b - +0 scale mail
rPois    .         Spirit   .   (no helmet)
rElec    .         Reflect  .   (no cloak)
rCorr    .         Harm     .   (no gloves)
MR       .....                  (no boots)
Stlth    ..........             (no amulet)
HPRegen  0.15/turn              (no ring)
MPRegen  0.09/turn              (no ring)

@: starving, drained
A: no striking features
a: no special abilities


You were on level 3 of the Dungeon.
You were starving.

You visited 1 branch of the dungeon, and saw 3 of its levels.

You collected 111 gold pieces.

Inventory:

Hand Weapons
 a - a +0 war axe (weapon)
Missiles
 l - 2 throwing nets (quivered)
Armour
 b - a +0 scale mail (worn)
 c - a +0 shield
Jewellery
 i - an uncursed ring of protection from magic {unknown}
 m - an uncursed ring of protection from fire {unknown}
Scrolls
 e - 2 scrolls of fog {unknown}
 h - 2 scrolls of teleportation {unknown}
 j - a scroll of identify {unknown}
Potions
 d - a potion of might
 g - 2 potions of curing {unknown}
 k - a potion of flight {unknown}
Comestibles
 f - 2 rations


   Skills:
 + Level 4.8(4.1) Fighting
 * Level 5.6(4.8) Axes
 + Level 4.4(3.6) Armour
 - Level 3.2(2.5) Shields


You had 4 spell levels left.
You didn't know any spells.

Dungeon Overview and Level Annotations

Branches:
Dungeon (3/15)

Altars:
Trog


Message History

The orc wizard hits you but does no damage.
The rat barely misses you. The rat closely misses you.
The orc wizard hits you but does no damage.
You completely miss the orc wizard.
The orc wizard is moderately wounded.
You hit the rat. The orc wizard barely misses you. The rat bites you.
* * * LOW HITPOINT WARNING * * *
The orc wizard points at you and mumbles some strange words.
The puff of flame hits you!
* * * LOW HITPOINT WARNING * * *
You slash the orc wizard!
The orc wizard is almost dead.
You hit the rat.
You kill the rat!
The orc wizard barely misses you.
You barely miss the orc wizard.
The orc wizard is almost dead.
The orc wizard points at you and mumbles some strange words.
The puff of frost hits you!
You die...

##..#...........# #
#... ...........
..#.#.# ..(......#
.......##.......#
...............##
................#
......))........#
......o@....<...#
..........).).###
...................._
..............###....
#...............# ##
.#.....##.....##..
###### ####### .. .


You could see an orc wizard.

Vanquished Creatures
  A bullfrog skeleton (D:2)
  An orc wizard (D:3)
  A worker ant (D:2)
  3 adders (D:2)
  An ooze (D:1)
  2 dart slugs
  A worm (D:2)
  2 leopard geckos (D:1)
  3 orcs (D:3)
  6 giant cockroaches
  9 goblins
  7 hobgoblins
  2 jackals (D:2)
  8 kobolds
  A quokka (D:2)
  2 ball pythons
  4 bats
  6 frilled lizards
  9 rats
69 creatures vanquished.

Notes
Turn   | Place    | Note
-------+----------+-------------------------------------------
     0 | D:1      | kae the Hill Orc Fighter began the quest for the Orb.
     0 | D:1      | Reached XP level 1. HP: 19/19 MP: 1/1
    24 | D:1      | Reached skill level 3 in Axes
    26 | D:1      | Reached XP level 2. HP: 25/27 MP: 2/2
   121 | D:1      | Reached XP level 3. HP: 25/33 MP: 3/3
   292 | D:1      | Reached skill level 4 in Axes
   636 | D:2      | Reached XP level 4. HP: 32/40 MP: 4/4
   861 | D:2      | Reached skill level 5 in Axes
  1076 | D:2      | Reached XP level 5. HP: 47/47 MP: 5/5
  1705 | D:3      | Found a bloodstained altar of Trog.
  1770 | D:3      | Killed from afar by an orc wizard

Skill      XL: |  1  2  3  4 |
---------------+-------------+-----
Axes           | 3 4 5 |  5.6
Fighting       | 4 |  4.8
Armour         | 4 |  4.4
Shields        | |  3.2

Action                   |  1- 3 |  4- 6 || total
-------------------------+-------+-------++-------
Melee: War axe           |    90 |   115 ||   205
  Eat: Chunk             |       |     1 ||     1
Armor: Scale mail        |    44 |    63 ||   107
Dodge: Dodged            |    47 |    58 ||   105
Block: Shield            |     7 |       ||     7
